 Dungeon Crawl Stone Soup version 0.32-a0-540-g866d13106e (webtiles) character file.

Game seed: 8973140759397318099

30 Esekla the Sneak (level 3, 10/26 HPs)
             Began as an Octopode Delver on Feb 29, 2024.
             Quit the game on level 5 of the Dungeon.
             The game lasted 00:02:02 (29 turns).

Esekla the Sneak (Octopode Delver)                    Turns: 29, Time: 00:02:03

Health: 10/26      AC:  1    Str: 11    XL:     3   Next: 18%
Magic:  2/4        EV: 13    Int: 14    God:
Gold:   0          SH:  0    Dex: 13    Spells: 3/3 levels left

rFire   . . .        a - +0 falchion
rCold   . . .        (no shield)
rNeg    . . .        (helmet restricted)
rPois   .            (no amulet)
rElec   .            (no ring)
rCorr   .            (no ring)
SInv    .            (no ring)
Will    .....        (no ring)
Stlth   ++++         (no ring)
HPRegen 0.24/turn    (no ring)
MPRegen 0.09/turn    (no ring)
                     (no ring)

%: no passive effects
@: no status effects
A: almost no armour, amphibious, 8 rings, camouflage 1, gelatinous body 1,
(nimble swimmer 1), tentacles
a: no special abilities


You were on level 5 of the Dungeon.
You visited 1 branch of the dungeon, and saw 1 of its levels.

Inventory:

Hand Weapons
 a - a +0 falchion (weapon)
Wands
 f - a wand of digging (3)
Scrolls
 b - a scroll of fog
 c - a scroll of identify {unknown}
 d - a scroll of fear
Potions
 e - a potion of haste


   Skills:
 * Level 3.3 Fighting
 + Level 2.0 Long Blades
 * Level 2.2 Dodging
 + Level 7.2 Stealth
 * Level 0.6 Spellcasting


You had 3 spell levels left.
You didn't know any spells.
Your spell library was empty.

Dungeon Overview and Level Annotations

Branches:
Dungeon (5/15)
 Temple: D:4-7

Altars:

Portals:
Sewer: D:5


Innate Abilities, Weirdness & Mutations

You cannot wear most types of armour.
You are amphibious.
You can wear up to eight rings at the same time.
Your skin changes colour to match your surroundings (Stealth+).
Your rubbery body absorbs attacks. (AC +1, EV +1)
((You are camouflaged when in or above water. (Stealth+)))
You have tentacles for arms and can constrict up to eight enemies at once.


Message History

Press ? for a list of commands and other information.
Found a stone staircase leading down.
As you read the scroll of revelation, it crumbles to dust.
You feel aware of your surroundings.
You sensed 1 shop/portal.
Found 6 stones and a chain mail.
A hound comes into view.
The hound barks!
The hound bites you.
You hit the hound. Your grab misses the hound. Your squeeze misses the hound.
The hound is lightly wounded.
The hound bites you.
You barely miss the hound. Your grab misses the hound.
The hound is lightly wounded.
The hound completely misses you. The hound misses you.
You hit the hound. You grab the hound.
The hound is moderately wounded.
You constrict the hound. The hound closely misses you. The hound bites you.
You hit the hound.
The hound is heavily wounded.
You constrict the hound. The hound bites you.
* * * LOW HITPOINT WARNING * * *
The hound misses you.
You slash the hound!
You kill the hound!
Your Stealth skill increases to level 7!
You have reached level 2!
You have reached level 3!
Your experience leads to an increase in your attributes!
Increase (S)trength, (I)ntelligence, or (D)exterity?
You feel clever. x2
Found a stone staircase leading up.
Found an ancient leather armour.
Found a stone staircase leading down.
Things that are here:
the +0 leather armour of Cheibriados's Grace {Harm rC+ Dex-2 Stlth+}; a +0 leather armour
Found a scroll labelled ZUEBATH EDAN.
Found a glowing drain.
The adder hisses angrily.
c - a scroll labelled ZUEBATH EDAN Are you sure you want to abandon this character and quit the game? (Confirm with "yes".)

###.#####.#.#.##*,,,,,* *,,*
....#####.#.#.###,***,* *,,*
***,* #.#.#.#..,* *,* *,,*
,,,,*####...[.#.#,***,********,,*
,,,,,...>.....#.#,,,,,,,,,,,,,,,*
,,,**#.#.#...##.#**,*********,,,,
,,,**...........# *,,,,,,,,,,,,,*
,,,*,....##.###.##***,*******,,,,
****,#.##*#.*#..@#***,* *****
****,.,***#.#.........#
,,,,,,,**,..#..#####..#
******,,*,###..#S~~#.##
*,,*,**#..#~~~#.# **
*,,*,**...#~∩B#.# *,
*,,,,,..#.#~~B#.# *,
*,,,,..##.#~~~#.# *,
*,,,,*,,,,**+**,* *,


You could see an adder and 2 giant cockroaches.

Vanquished Creatures
  A hound (D:5)
1 creature vanquished.

Notes
Turn   | Place    | Note
-------+----------+-------------------------------------------
     0 | D:5      | Esekla the Octopode Delver began the quest for the Orb.
     0 | D:5      | Reached XP level 1. HP: 16/16 MP: 1/1
     4 | D:5      | Noticed a hound
    13 | D:5      | Killed a hound
    14 | D:5      | Reached skill level 7 in Stealth
    14 | D:5      | Reached XP level 2. HP: 5/21 MP: 1/3
    14 | D:5      | Reached XP level 3. HP: 6/26 MP: 1/4
    21 | D:5      | Identified the +0 leather armour of Cheibriados's Grace
                  | {Harm rC+ Dex-2 Stlth+}
    25 | D:5      | Found a glowing drain.
    29 | D:5      | Quit the game

Illustrated notes

Levels and vault maps discovered:
D:5:      layout_loops_ring, gup_sewer_entry_glass, chequers_arboretum

Skill      XL: |  1 |
---------------+----+-----
Stealth        | 7 |  7.2
Fighting       | |  3.3
Long Blades    | |  2.0
Dodging        | |  2.2
Spellcasting   | |  0.6

Action                     || total
---------------------------++-------
  Melee: Falchion          ||     5
         Constrict         ||     1
    Use: Scroll            ||     1
 Armour: Skin              ||     4
  Dodge: Dodged            ||     4

Table legend: (Time is in decaauts)
 A = Elapsed time spent in this place.
 B = Non-inter-level travel time spent in this place.
 C = Inter-level travel time spent in this place.
 D = Time resting spent in this place.
 E = Time spent auto-exploring this place.
 F = Levels seen in this place.
 G = Mean time per level.
                   A        B        C        D        E       F      G
               +--------+--------+--------+--------+--------+-----+--------+
         Total |     30 |     30 |      0 |      0 |      0 |   1 |   30.0 |
       Dungeon |     30 |     30 |      0 |      0 |      0 |   1 |   30.0 |
               +--------+--------+--------+--------+--------+-----+--------+

Top non-repeatable levels by time:
     D:5: 30 daAuts
